 Dungeon Crawl Stone Soup version 0.19-a0-1291-gc8f5409 (webtiles) character file.

2735 PurpleRed the Destroyer (level 9, 0/45 HPs)
             Began as a Deep Elf Conjurer on Aug 30, 2016.
             Asphyxiated
             ... on level 10 of the Dungeon.
             The game lasted 00:30:33 (2918 turns).

PurpleRed the Destroyer (Deep Elf Conjurer)         Turns: 2918, Time: 00:30:34

Health: 0/45       AC:  7    Str:  7    XL:     9   Next: 40%
Magic:  4/33       EV: 13    Int: 29    God:
Gold:   375        SH:  0    Dex: 15    Spells: 4 memorised, 15 levels left

rFire  . . .     SeeInvis .     a - staff of energy
rCold  . . .     Gourm    .     u - +0 robe
rNeg   + . .     Faith    .     (no shield)
rPois  .         Spirit   .     s - +0 helmet
rElec  .         Dismiss  .     (no cloak)
rCorr  .         Reflect  .     O - +1 pair of gloves
MR     .....     Harm     .     A - +1 pair of boots of Paranoia {rN+ Str+2}
Stlth  ++........               e - amulet of rage
                                K - +5 ring of intelligence
                                k - ring of magical power

@: lethally poisoned (0 -> -23), about to teleport, slowed, very slow
A: no striking features
a: Evoke Berserk Rage


You were on level 10 of the Dungeon.
You were hungry.

You visited 2 branches of the dungeon, and saw 11 of its levels.

You collected 375 gold pieces.

Inventory:

Hand Weapons
 b - a +5 short sword
 g - a +2 dagger of protection
 i - a +0 blowgun
 x - a +1 morningstar of holy wrath
Missiles
 j - 15 poisoned needles
 q - 5 curare-tipped needles
Armour
 s - a +0 helmet (worn)
 u - a +0 robe (worn)
 A - the +1 pair of boots of Paranoia (worn) {rN+ Str+2}
   (You found it on level 7 of the Dungeon)

   It affects your strength (+2).
   It protects you from negative energy.
 B - a +2 pair of boots
 O - a +1 pair of gloves (worn)
Magical Staves
 a - an uncursed staff of energy (weapon)
 L - an uncursed staff of poison
Jewellery
 e - an amulet of rage (around neck)
 k - a ring of magical power (left hand)
 l - an uncursed ring of resist corrosion
 K - a +5 ring of intelligence (right hand)
Wands
 G - a wand of teleportation (0/9)
 R - a wand of enslavement (14/24)
Scrolls
 m - 2 scrolls of fog
 y - 2 scrolls of remove curse
Potions
 h - 2 potions of haste
 o - 2 potions of berserk rage {unknown}
 p - 3 potions of ambrosia
 r - a potion of magic
 v - a potion of brilliance
 z - a potion of cure mutation
 H - 2 potions of curing
 I - a potion of lignification {unknown}
 J - a potion of mutation {unknown}
Books
 n - a book of Conjurations

   Spells                             Type                      Level
   a - Magic Dart                     Conjuration                  1
   b - Searing Ray                    Conjuration                  2
   c - Dazzling Spray                 Conjuration/Hexes            3
   d - Fulminant Prism                Conjuration/Hexes            4
   e - Iskenderun's Mystic Blast      Conjuration                  4
   f - Iskenderun's Battlesphere      Conjuration/Charms           5
 t - a book of Clouds

   Spells                             Type                      Level
   a - Mephitic Cloud                 Conjuration/Poison/Air       3
   b - Conjure Flame                  Conjuration/Fire             3
   c - Poisonous Cloud                Conjuration/Poison/Air       6
   d - Freezing Cloud                 Conjuration/Ice/Air          6
   e - Ring of Flames                 Charms/Fire                  7
 C - a book of Alchemy

   Spells                             Type                      Level
   a - Sublimation of Blood           Necromancy                   2
   b - Ignite Poison                  Fire/Transmutation/Poison    3
   c - Petrify                        Transmutation/Earth          4
   d - Alistair's Intoxication        Transmutation/Poison         5
   e - Irradiate                      Conjuration/Transmutation    5
 M - a Grand Grimoire

   Spells                             Type                      Level
   a - Monstrous Menagerie            Summoning                    7
   b - Summon Greater Demon           Summoning                    7
   c - Malign Gateway                 Summoning/Translocation      7
   d - Summon Horrible Things         Summoning                    8
Comestibles
 c - 8 bread rations
 f - 2 meat rations
 w - 9 slices of pizza
 N - a royal jelly


   Skills:
 - Level 2.4 Dodging
 - Level 2.4 Stealth
 + Level 9.6 Spellcasting
 * Level 11.0 Conjurations
 + Level 7.7 Charms


You had 15 spell levels left.
You knew the following spells:

 Your Spells              Type           Power        Failure   Level  Hunger
a - Magic Dart            Conj           ####         1%          1    None
b - Searing Ray           Conj           ######       1%          2    None
c - Iskenderun's Mystic   Conj           ######..     1%          4    None
d - Iskenderun's Battles  Conj/Chrm      ######..     2%          5    None


Dungeon Overview and Level Annotations

Branches:
Dungeon (10/15)            Temple (1/1) D:4            Lair (0/6) D:10
    Orc: D:9-12

Altars:
Ashenzari
Cheibriados
Dithmenos
Elyvilon
Fedhas
Gozag
Hepliaklqana
Kikubaaqudgha
Makhleb
Nemelex Xobeh
Qazlal
Ru
Sif Muna
Trog
Uskayaw
Xom
Yredelemnul
Zin
The Shining One

Annotations:
D:9 Lasiace's ghost, journeyman KoHu
D:10 Joseph; Sonja


Message History

Found a staircase to the Lair. 2 adders, 4 rats, 4 quokkas, 3 yaks and a necrophage come into view.
You see here a curare-tipped needle.
Evoke which item? (* to show all) (? for menu, Esc to quit)
Zapping:
G - a wand of teleportation (1/9)
Press: ? - help, Shift-Dir - straight line, f - you You feel strangely unstable.
This wand has 0 charges left.
The hell rat roars deafeningly!
The yak bellows! x3; The adder hisses angrily.
* * * LOW HITPOINT WARNING * * *
You feel sick.
Sonja shoots a curare-tipped needle.
The curare-tipped needle hits you.
You are lethally poisoned!
You have difficulty breathing.
* * * LOW HITPOINT WARNING * * *
You feel as though you will be slow longer.
You hear a zap.
You hear a grinding noise.
Sonja shoots a curare-tipped needle.
The curare-tipped needle hits you.
You are more poisoned.
You have difficulty breathing.
You die...

#n........#
#......rrr###
#....rS!r...
#.....r....#
......rr...#
...........#
.....>.....#
.YYY...@..#
..........#
Y..K......#
#.........#
#...S.....#
#..........
#...........
#............


You could see 4 yaks, Sonja, a necrophage, a hell rat, a porcupine, 2 adders, 4
quokkas and 2 rats.

Vanquished Creatures
  Grinder (D:6)
  A human (D:8)
  3 yaks
  Eustachio (D:6)
  A water moccasin (D:7)
  2 sky beasts (D:7)
  2 ogres (D:5)
  A centaur (D:7)
  A big kobold (D:9)
  Blork the orc (D:6)
  A giant frog (D:8)
  A water moccasin zombie (D:9)
  A scorpion (D:5)
  2 crimson imps
  3 giant frog zombies
  A quasit (D:7)
  A jelly (D:5)
  5 hounds
  2 orc priests
  Ijyb (D:2)
  9 orc wizards
  2 worker ants (D:4)
  A killer bee zombie (D:8)
  2 howler monkey zombies
  A worker ant zombie (D:7)
  6 adders
  4 gnolls (D:3)
  A shadow imp (D:5)
  2 worms (D:3)
  5 giant geckos
  13 orcs
  A ball python (D:3)
  A bat (D:3)
  A giant cockroach (D:2)
  3 goblins
  10 hobgoblins
  2 quokkas
  2 giant gecko skeletons
  2 giant newts
  7 kobolds
  A quokka zombie (D:7)
  A rat (D:1)
109 creatures vanquished.

Notes
Turn   | Place    | Note
-------+----------+-------------------------------------------
     0 | D:1      | PurpleRed the Deep Elf Conjurer began the quest for the Orb.
     0 | D:1      | Reached XP level 1. HP: 10/10 MP: 6/6
   181 | D:1      | Reached XP level 2. HP: 15/15 MP: 5/8
   188 | D:1      | Learned a level 2 spell: Searing Ray
   493 | D:2      | Noticed Ijyb
   571 | D:2      | Killed Ijyb
   571 | D:2      | Reached skill level 5 in Conjurations
   571 | D:2      | Reached XP level 3. HP: 10/19 MP: 0/10
   582 | D:2      | Found a glowing golden altar of the Shining One.
   682 | D:3      | Reached XP level 4. HP: 23/24 MP: 2/12
   914 | D:4      | Found a hazy altar of Hepliaklqana.
   921 | D:5      | Entered Level 5 of the Dungeon
   937 | D:5      | Reached skill level 5 in Spellcasting
   971 | D:6      | Noticed Eustachio
  1006 | D:3      | Reached XP level 5. HP: 10/28 MP: 2/14
  1024 | D:3      | Reached skill level 6 in Conjurations
  1527 | D:5      | Reached XP level 6. HP: 14/32 MP: 0/16
  1573 | D:4      | Found a staircase to the Ecumenical Temple.
  1581 | Temple   | Entered the Ecumenical Temple
  1743 | D:5      | Reached skill level 7 in Conjurations
  1749 | D:5      | Learned a level 4 spell: Iskenderun's Mystic Blast
  1755 | D:5      | Learned a level 5 spell: Iskenderun's Battlesphere
  1809 | D:6      | Identified a scroll of acquirement
  1832 | D:6      | Reached skill level 1 in Charms
  1870 | D:7      | Noticed a sky beast
  1878 | D:7      | Killed a sky beast
  1878 | D:7      | Reached XP level 7. HP: 36/36 MP: 16/19
  1884 | D:7      | Found a shadowy altar of Dithmenos.
  1893 | D:7      | Got a pair of brightly glowing boots
  1904 | D:7      | Identified the +1 pair of boots of Paranoia {rN+ Str+2} (You found it on level 7 of the Dungeon)
  1991 | D:7      | Reached skill level 8 in Conjurations
  2034 | D:6      | Noticed Blork the orc
  2107 | D:5      | Reached XP level 8. HP: 21/41 MP: 3/21
  2235 | D:6      | Killed Blork the orc
  2235 | D:6      | Reached skill level 9 in Conjurations
  2247 | D:6      | Reached skill level 5 in Charms
  2313 | D:6      | Killed Eustachio
  2380 | D:6      | Noticed Grinder
  2387 | D:6      | Killed Grinder
  2427 | D:6      | Found a hide-covered altar of Uskayaw.
  2455 | D:7      | Reached skill level 10 in Conjurations
  2624 | D:8      | Reached XP level 9. HP: 37/45 MP: 23/23
  2683 | D:8      | Found an opulent altar of Gozag.
  2808 | D:10     | Entered Level 10 of the Dungeon
  2851 | D:9      | Noticed Lasiace's ghost (journeyman KoHu)
  2896 | D:10     | Reached skill level 11 in Conjurations
  2909 | D:10     | Noticed Joseph
  2917 | D:10     | Found a staircase to the Lair.
  2917 | D:10     | Noticed Sonja
  2918 | D:10     | Asphyxiated

Vault maps used:
D:1:      dpeg_arrival_rooms_c
D:2:      old_standard_altar, tso_metal_star, uniq_robin, uniq_jessica,
          uniq_iyjb
D:3:      gup_sewer_entry_bowl, first_bread
D:4:      old_standard_altar, interstate_on_off
D:6:      marbit_many_paths, uniq_blork_the_orc, uniq_grinder, uniq_eustachio
D:7:      kennysheep_mini, serial_shops, shop, nicolae_dithmenos_the_darkroom
D:8:      basic_altar, grunt_pizzeria
D:10:     dpeg_lair_monsters, erik_orc_3, minmay_nine_imps, uniq_joseph,
          uniq_sonja
Temple:   nicolae_temple_x_marks_the_god

Skill      XL: |  1  2  3  4  5  6  7  8  9 |
---------------+----------------------------+-----
Spellcasting   | 4 5 6 7 8 9 |  9.6
Conjurations   | 5 6 7 8 10 11 | 11.0
Charms         | 2 4 6 7 |  7.7
Dodging        | |  2.4
Stealth        | |  2.4

Action                   |  1- 3 |  4- 6 |  7- 9 || total
-------------------------+-------+-------+-------++-------
Melee: Short sword       |    12 |    51 |     7 ||    70
       Dagger            |       |       |     2 ||     2
 Cast: Magic Dart        |    37 |    31 |    61 ||   129
       Searing Ray       |     4 |    22 |    18 ||    44
       Iskenderun's Batt |       |       |    15 ||    15
       Iskenderun's Myst |       |       |     4 ||     4
Evoke: Staff of energy   |       |     3 |     7 ||    10
       Wand              |       |       |     2 ||     2
  Use: Scroll            |     4 |    10 |     9 ||    23
       Potion            |     1 |     1 |     1 ||     3
  Eat: Chunk             |       |     3 |     3 ||     6
Armor: Robe              |     2 |    22 |    10 ||    34
Dodge: Dodged            |    29 |    57 |    27 ||   113
